Cogmind - Beta 16 *** ADVENTURER MODE // 2025.10.24 @ 20:49:18 Player: Plonker Result: Destroyed by Y-72 Warden with Railgun Performance ------------- Evolutions (7) 3500 Regions Visited (12) 2400 Robots Destroyed (39) 195 Value Destroyed (1487) 1487 Prototype IDs (9) 180 Alien Tech Used (0) 0 Bonus (645) 645 TOTAL SCORE: 8407 Bonus ------- Pacifist 200 Follower Combat Kills 445 Cogmind --------- Core Integrity 0/1300 Matter 41/300 Energy 170/170 System Corruption 0% Temperature Cool (0) Movement Treading (160) Location -3/Testing Parts ------- > --- POWER (4) -------- Light Antimatter Reactor > --- PROPULSION (6) --- Enhanced Armored Medium Treads > --- UTILITY (8) ------ Visual Processing Unit Armor Integrity Analyzer Graphene Brace System Shield > --- WEAPON (3) ------- High-powered Shotgun Hypervelocity Railgun > --- INVENTORY (5) ---- Micro Nuclear Core Light Fission Core Light Fission Core Experimental Cooling System Improved Melee Analysis Suite Peak State ------------ > --- POWER ------------ Light Fission Core Micro Fission Core > --- PROPULSION ------- VTOL Module VTOL Module Nuclear Pulse Thruster Field Propulsion Drive Field Propulsion Drive > --- UTILITY ---------- Improved Trap Scanner Improved Signal Interpreter Improved Terrain Scan Processor Improved Kinecellerator Shock Absorption System Hacking Suite Hacking Suite Improved Component Analysis Suite > --- WEAPON ----------- Makeshift Sword > --- INVENTORY -------- Light Nuclear Core Light Nuclear Core Neutrino Core [Rating: 70] Favorites ----------- Power Light Nuclear Core Engine Light Ion Engine Power Core Light Nuclear Core Reactor Light Antimatter Reactor Propulsion Aerolev Unit Treads Enhanced Armored Medium Treads Leg Carbon-fiber Leg Wheel Wheel Hover Unit Aerolev Unit Flight Unit Biomechanical Wings Utility Hacking Suite Device Hardlight Generator Storage Large Storage Unit Processor Improved Terrain Scan Processor Hackware Hacking Suite Protection Improved Core Shielding Weapon Makeshift Sword Energy Gun Dispersion Rifle Ballistic Gun Improved Heavy Machine Gun Ballistic Cannon Heavy Assault Cannon Launcher Mini Grenade Launcher Special Weapon Plasma Flamer Impact Weapon Heavy Flail Slashing Weapon Makeshift Sword Piercing Weapon Lance Build | -11 -10 -10 -9 -8 -7 -7 -7 -6 -5 -4 -3 -3 ------- Run | Yrd Mat Min Mat Mat Fac Low Low Fac Fac Fac Res Tes Slots Evolved 14 | . . . 2 2 2 . . 2 2 2 2 . Power 3 | . . . 1 . . . . . . 1 1 . Propulsion 4 | . . . 1 . . . . 2 . 1 . . Utility 6 | . . . . 2 2 . . . 2 . . . Weapon 1 | . . . . . . . . . . . 1 . Parts Attached 108 | 6 1 . 2 17 3 21 1 6 20 16 7 8 Power 17 | 1 . . . 2 . 3 . 1 5 4 . 1 Engine 6 | 1 . . . . . 3 . 1 . 1 . . Core 10 | . . . . 2 . . . . 5 3 . . Reactor 1 | . . . . . . . . . . . . 1 Propulsion 37 | 2 . . 1 4 . 7 . 3 9 9 1 1 Treads 2 | . . . . . . . . . . . 1 1 Leg 7 | . . . . . . 5 . . . 2 . . Wheel 5 | 2 . . 1 . . . . . . 2 . . Hover 12 | . . . . 4 . 2 . 3 3 . . . Flight 11 | . . . . . . . . . 6 5 . . Utility 32 | 1 1 . 1 8 3 4 . 1 5 1 6 1 Device 12 | . . . . 2 1 1 . 1 4 1 2 . Storage 4 | 1 1 . 1 1 . . . . . . . . Processor 5 | . . . . 3 . . . . 1 . . 1 Hackware 4 | . . . . . 1 2 . . . . 1 . Protection 7 | . . . . 2 1 1 . . . . 3 . Artifact . | . . . . . . . . . . . . . Weapon 22 | 2 . . . 3 . 7 1 1 1 2 . 5 Energy Gun 4 | . . . . . . 1 . . . . . 3 Energy Cannon . | . . . . . . . . . . . . . Ballistic Gun 7 | 2 . . . 1 . 1 . 1 . . . 2 Ballistic Cannon 2 | . . . . . . 2 . . . . . . Launcher 1 | . . . . . . 1 . . . . . . Special Weapon 2 | . . . . . . 2 . . . . . . Impact Weapon 2 | . . . . 1 . . . . 1 . . . Slashing Weapon 3 | . . . . 1 . . 1 . . 1 . . Piercing Weapon 1 | . . . . . . . . . . 1 . . Special Melee Weapon . | . . . . . . . . . . . . . Unidentified Prototypes 4 | . . . . 1 . . . 1 . 1 . 1 Parts Lost 64 | . . . 4 6 . 19 . 2 9 14 5 5 Power 11 | . . . 1 2 . 3 . . 1 3 1 . Propulsion 24 | . . . 2 1 . 8 . 1 5 5 2 . Utility 20 | . . . . 3 . 3 . 1 3 5 2 3 Weapon 9 | . . . 1 . . 5 . . . 1 . 2 Highest Loss Streak 7 | . . . 4 2 . 6 . 1 4 7 2 2 To Critical Strikes 1 | . . . 1 . . . . . . . . . Average Backups 3 | . . . . 2 7 2 1 1 3 4 5 5 Power . | . . . . . . . . . . 2 3 3 Propulsion . | . . . . 1 2 . . . 2 . . . Utility 1 | . . . . 1 3 1 1 1 . 1 2 2 Weapon . | . . . . . 2 . . . . . . . Tool/Special . | . . . . . . . . . . . . . Unused Backups 10 | . . . . 5 . . . . . . . 5 Power 3 | . . . . . . . . . . . . 3 Propulsion 2 | . . . . 2 . . . . . . . . Utility 5 | . . . . 3 . . . . . . . 2 Weapon . | . . . . . . . . . . . . . Tool/Special . | . . . . . . . . . . . . . Average Slot Usage (%) 61 | . 96 100 74 68 75 70 53 70 69 36 29 35 Engine 2 | . 14 14 10 . . 2 . 5 . 3 . . Core 2 | . . . . 10 . . . . 9 1 2 . Leg 2 | . . . . . . 7 7 3 . . 2 . Wheel 2 | . 28 28 20 4 . . . . . 6 . . Hover 6 | . . . . 9 23 8 . 10 6 . . . Flight 1 | . . . . . . . . . 7 3 5 . Device 4 | . . . . 4 10 2 7 6 9 1 3 4 Storage 4 | . 24 28 22 6 7 5 . . . . . . Processor 12 | . . . . 15 15 15 15 13 12 11 9 10 Hackware 9 | . . . . . 3 17 23 20 11 3 1 4 Protection 2 | . . . . 3 6 2 . . . . 3 5 Ballistic Gun 2 | . 28 28 21 4 . . . 3 3 . . 1 Impact Weapon 1 | . . . . 7 . . . . . . . . Slashing Weapon 1 | . . . . 1 7 2 . 6 4 . . . Peak Build Rating 70 | 6 7 7 8 38 34 37 27 38 70 49 47 48 Average Rating 28 | 4 6 7 6 21 32 28 23 32 46 26 30 39 On Entrance 20 | . 6 7 7 5 31 33 23 27 34 43 29 27 Avg Prop Armor Cover (%) 14 | . . . . . . . . 10 5 16 21 . Naked Turns . | . . . . . . . . . . . . . Heaviest Build 44 | 13 23 23 38 44 28 36 7 10 26 30 9 23 Greatest Support 45 | 26 26 26 28 24 24 45 20 20 28 25 35 35 Greatest Overweight (x) 7 | . . . 2 3 1 5 . 1 2 2 2 7 Average Overweight (x) . | . . . . . . 1 . . . . . 2 Largest Inventory Capacity 15 | 8 10 10 15 15 15 15 5 5 5 5 5 5 Average Capacity 8 | 6 9 10 13 9 15 13 5 5 5 5 5 5 Most Carried 15 | 2 1 . 1 15 11 10 2 4 5 5 5 5 Average Carried 3 | . . . . 3 9 3 1 1 3 4 5 5 Final Capacity 15 | 8 10 10 15 15 15 5 5 5 5 5 5 5 Final Carried 11 | . . . . 11 9 1 1 2 1 5 5 5 Class Distribution -------------------- 63% | Hacker-Mutant 29% | Mutant Dominant Class ---------------- Mutant | -10/Materials Mutant | -10/Mines Mutant | -9/Materials Mutant | -8/Materials Hacker-Mutant | -7/Factory Hacker-Mutant | -7/Lower Caves Hacker-Mutant | -7/Lower Caves Hacker-Mutant | -6/Factory Hacker-Mutant | -5/Factory Hacker-Mutant | -4/Factory Hacker-Mutant | -3/Research Hacker-Mutant | -3/Testing Resources | -11 -10 -10 -9 -8 -7 -7 -7 -6 -5 -4 -3 -3 ----------- Run | Yrd Mat Min Mat Mat Fac Low Low Fac Fac Fac Res Tes Matter Collected 1221 | 165 . . 25 269 . 349 5 29 193 153 33 . Remotely . | . . . . . . . . . . . . . Salvage Created 1409 | . . . 57 497 . 440 . 26 135 84 . 170 Parts 59 | . . . 4 12 . 10 . . 15 9 . 9 Haulers Intercepted 1 | . . . . 1 . . . . . . . . Recyclers Shooed 1 | . . . . . . . . . 1 . . . Parts Field Recycled . | . . . . . . . . . . . . . Retrieved Matter . | . . . . . . . . . . . . . Parts Self-Destructed 11 | . . . . . . 9 2 . . . . . Prevented . | . . . . . . . . . . . . . Parts Restored . | . . . . . . . . . . . . . Kills | -11 -10 -10 -9 -8 -7 -7 -7 -6 -5 -4 -3 -3 ------- Run | Yrd Mat Min Mat Mat Fac Low Low Fac Fac Fac Res Tes Combat Hostiles Destroyed 31 | . . . 1 10 . 12 . 1 2 3 . 2 Melee 9 | . . . . 5 . . . . 1 3 . . Guns 6 | . . . 1 . . 1 . 1 1 . . 2 Cannons 9 | . . . . . . 9 . . . . . . Classes Destroyed 11 | . . . 2 4 . 1 . . 2 1 . 1 Worker 1 | . . . . . . . . . 1 . . . Builder 3 | . . . . 2 . . . . 1 . . . Hauler 1 | . . . . 1 . . . . . . . . Watcher 3 | . . . 2 . . . . . 1 . . . Swarmer 5 | . . . 1 2 . . . 1 1 . . . Cutter 3 | . . . . . . . . . . 3 . . Grunt 13 | . . . . 7 . 6 . . . . . . Duelist 1 | . . . . . . 1 . . . . . . Sentry 1 | . . . . 1 . . . . . . . . Hunter 2 | . . . . . . . . . . . . 2 Programmer 1 | . . . . . . . . . 1 . . . Butcher 5 | . . . . . . 5 . . . . . . Best Kill Streak 7 | . . . 2 3 . 7 . 1 2 3 . 1 Combat Bots Only 7 | . . . 1 3 . 7 . 1 1 3 . 1 Max Kills in Single Turn 1 | . . . 1 1 . 1 . 1 1 1 . 1 Gunslinging . | . . . . . . . . . . . . . Exploded . | . . . . . . . . . . . . . Melee 1 | . . . . 1 . . . . 1 1 . . Uniques/NPCs Destroyed . | . . . . . . . . . . . . . Combat | -11 -10 -10 -9 -8 -7 -7 -7 -6 -5 -4 -3 -3 -------- Run | Yrd Mat Min Mat Mat Fac Low Low Fac Fac Fac Res Tes Hostile Shots Fired 945 | . 1 . 103 125 . 238 17 13 75 113 78 182 Missed 307 | . . . 29 39 . 65 9 7 25 48 27 58 Hits 638 | . 1 . 74 86 . 173 8 6 50 65 51 124 Melee 48 | . . . 2 . . 19 . . 19 8 . . Projectile 590 | . 1 . 72 86 . 154 8 6 31 57 51 124 AOE 2 | . . . . . . . . . . 2 . . Critical Strikes 42 | . . . 4 6 . 10 . . 9 9 2 2 Actively Blocked 4 | . . . . . . . . . . . 2 2 Damage Taken 8899 | . 33 . 630 894 . 2402 132 143 887 1185 1302 1291 Core 2965 | . 8 . 175 125 . 475 67 40 293 466 816 500 Absorbed by Shields 56 | . . . . . . 56 . . . . . . Redirected to Shielding 411 | . . . . 102 . . . . . . 184 125 Ignored by Resistances 2530 | . 9 . 191 268 . 689 37 41 245 333 356 361 Core Remaining (%) 71 | 100 . 96 56 77 . . 22 95 70 59 . . Volleys Fired 95 | . . . 7 8 . 43 . 10 6 . . 21 Largest 3 | . . . 2 1 . 2 . 1 1 . . 3 Hottest 264 | . . . 40 23 . 200 . 15 15 . . 264 Shots Fired 113 | . . . 14 8 . 50 . 10 6 . . 25 Gun 76 | . . . 14 8 . 13 . 10 6 . . 25 Cannon 18 | . . . . . . 18 . . . . . . Launcher 1 | . . . . . . 1 . . . . . . Special 18 | . . . . . . 18 . . . . . . Kinetic 79 | . . . 14 8 . 19 . 10 6 . . 22 Thermal 33 | . . . . . . 30 . . . . . 3 Explosive 1 | . . . . . . 1 . . . . . . Electromagnetic . | . . . . . . . . . . . . . Robot Hit Streak 30 | . . . 5 11 . 30 . 11 3 . . 11 Robot Miss Streak 3 | . . . 2 . . 1 . 1 3 . . 1 Penetration Max 1 | . . . . . . 1 . . . . . 1 Secondary Targets 1 | . . . 1 . . . . . . . . . Max Gunslinging Chain 1 | . . . 1 . . . . . . . . . Shots Hit Robots 142 | . . . 10 31 . 49 . 9 15 7 . 21 Core Hits 54 | . . . 7 7 . 19 . 2 7 4 1 7 Critical Kills 5 | . . . . 3 . . . . . . . 2 Critical Parts Destroyed 8 | . . . . 2 . . . . . . . 6 Critical Strikes 23 | . . . . 5 . 9 . . . 1 . 8 Burn 3 | . . . . . . 3 . . . . . . Destroy 8 | . . . . . . . . . . . . 8 Blast 2 | . . . . . . 2 . . . . . . Smash 5 | . . . . 5 . . . . . . . . Sever 4 | . . . . . . 4 . . . . . . Impale 1 | . . . . . . . . . . 1 . . Melee Attacks 60 | . . . . 32 1 5 . . 13 9 . . Impact 30 | . . . . 28 . . . . 2 . . . Slashing 21 | . . . . 4 1 5 . . 11 . . . Piercing 9 | . . . . . . . . . . 9 . . Sneak Attacks 6 | . . . . 3 . . . . 3 . . . Combat Hostiles . | . . . . . . . . . . . . . Follow-up Attacks 2 | . . . . 2 . . . . . . . . Damage Inflicted 4317 | . . . 130 1301 . 1535 . 166 659 255 5 266 Guns 902 | . . . 96 88 . 188 . 166 98 . . 266 Cannons 956 | . . . . . . 956 . . . . . . Explosions 31 | . . . . . . 31 . . . . . . Melee 2196 | . . . . 1213 . 167 . . 561 255 . . Ramming 39 | . . . 34 . . . . . . . 5 . Kinetic 1611 | . . . 96 88 . 978 . 166 98 . . 185 Thermal 440 | . . . . . . 359 . . . . . 81 Explosive 31 | . . . . . . 31 . . . . . . Electromagnetic . | . . . . . . . . . . . . . Impact 1232 | . . . . 1184 . . . . 48 . . . Slashing 709 | . . . . 29 . 167 . . 513 . . . Piercing 255 | . . . . . . . . . . 255 . . Highest Corruption 3 | . . . . . . . . . 3 . . . Average Corruption 2 | . . . . . . . . . 2 . . . Corruption Purged . | . . . . . . . . . . . . . Corruption Blocked . | . . . . . . . . . . . . . Effects 6 | . . . . . . . . . 6 . . . Message Errors 2 | . . . . . . . . . 2 . . . Matter Fused 2 | . . . . . . . . . 2 . . . Heat Flow Errors 2 | . . . . . . . . . 2 . . . Overload Shots . | . . . . . . . . . . . . . Overflow Damage 469 | . . . . 321 . 101 . . 39 8 . . Projectiles 101 | . . . . . . 101 . . . . . . Explosions . | . . . . . . . . . . . . . Melee 368 | . . . . 321 . . . . 39 8 . . Knockbacks 15 | . . . . 7 . 8 . . . . . . Impact 7 | . . . . 7 . . . . . . . . Kinetic 8 | . . . . . . 8 . . . . . . Secondary . | . . . . . . . . . . . . . Self-Inflicted Damage 18 | . . . 16 . . . . . . . 2 . Shots . | . . . . . . . . . . . . . Rammed 5 | . . . 3 . . . . . . . 1 1 Targets Rammed 5 | . . . 3 . . . . . . . 1 1 Kicked . | . . . . . . . . . . . . . Crushed . | . . . . . . . . . . . . . Highest Temperature 342 | . . . 5 19 . 342 . . 197 11 . 126 Average Temperature 100 | . . . 5 7 . 136 . . 62 11 . 73 Received Heat Transfer 2374 | . 6 . 234 630 . 909 72 9 81 160 246 27 Effects 1 | . . . . . . 1 . . . . . . Interference 1 | . . . . . . 1 . . . . . . Siege Activations . | . . . . . . . . . . . . . Martial Activations . | . . . . . . . . . . . . . Shielding Activations . | . . . . . . . . . . . . . Robots Disrupted 1 | . . . . . . 1 . . . . . . Combat Hostiles 1 | . . . . . . 1 . . . . . . Robots Corrupted 8 | . . . . 8 . . . . . . . . Combat Hostiles 5 | . . . . 5 . . . . . . . . Parts Fried 9 | . . . . 9 . . . . . . . . Impact Corruptions 11 | . . . . 11 . . . . . . . . Robots Melted 2 | . . . . . . 2 . . . . . . Combat Hostiles 2 | . . . . . . 2 . . . . . . Parts Melted 3 | . . . . . . 3 . . . . . . Heat Transferred 2075 | . . . . . . 1964 . . . . . 111 Parts Sabotaged . | . . . . . . . . . . . . . Parts Stolen . | . . . . . . . . . . . . . Parts Stripped . | . . . . . . . . . . . . . Power Chain Reactions . | . . . . . . . . . . . . . Alert | -11 -10 -10 -9 -8 -7 -7 -7 -6 -5 -4 -3 -3 ------- Run | Yrd Mat Min Mat Mat Fac Low Low Fac Fac Fac Res Tes Maximum Alert Level 2 | . . . . . . . . . 2 . . . Low Security (%) 88 | 100 100 100 100 100 100 . . 100 17 100 100 100 Level 1 9 | . . . . . . . . . 67 . . . Level 2 2 | . . . . . . . . . 15 . . . Level 3 . | . . . . . . . . . . . . . Level 4 . | . . . . . . . . . . . . . Level 5 . | . . . . . . . . . . . . . High Security . | . . . . . . . . . . . . . Max Security . | . . . . . . . . . . . . . Peak Influence 501 | . 4 . 25 86 9 . . 194 501 182 30 22 Initial 182 | . . . . . 9 . . . 73 182 9 4 Average 57 | . . . 3 25 . . . 32 257 68 4 2 Influence Increases 1985 | . 4 . 49 388 . 280 . 249 678 205 75 57 Destroy 0b10 Robot/C 1020 | . . . 20 200 . 140 . 120 440 60 . 40 Destroy 0b10 Robot/NC 70 | . . . 10 15 . . . 5 40 . . . Destroy Leader 214 | . . . 4 52 . 20 . 30 98 10 . . Allied During Kill 31 | . . . . . . . . 15 16 . . . Trap Triggered on 0b10 10 | . . . . 10 . . . . . . . . Successful Hack 40 | . 4 . . 36 . . . . . . . . Disable Machine 36 | . . . . . . . . 36 . . . . Destroy Structure 69 | . . . . . . . . 43 24 . . 2 Partial Spotted 15 | . . . . . . . . . . 15 . . Lose Combat Pursuer 480 | . . . 15 75 . 120 . . 60 120 75 15 Influence Decreases 1963 | . 4 . 49 363 25 280 . 75 421 616 85 45 Entered New Map 383 | . . . . . 16 . . . 101 249 11 6 Time Decay 1021 | . 4 . 24 244 9 195 . 55 210 207 49 24 Lost Part 450 | . . . 25 50 . 85 . 20 90 140 25 15 Lost Ally 40 | . . . . . . . . . 20 20 . . Purge Threat 69 | . . . . 69 . . . . . . . . Squads Dispatched 22 | . . . 1 4 1 . . 1 5 3 2 5 Investigation 5 | . . . 1 2 . . . 1 . 1 . . Extermination 2 | . . . . . . . . . 1 1 . . Reinforcement 11 | . . . . 2 1 . . . 3 1 2 2 Assault . | . . . . . . . . . . . . . Garrison 4 | . . . . . . . . . 1 . . 3 Intercept . | . . . . . . . . . . . . . Searches Triggered . | . . . . . . . . . . . . . Construction Impeded . | . . . . . . . . . . . . . Haulers Reinforced 1 | . . . . . . . . . . . . 1 Active Scanning Responses . | . . . . . . . . . . . . . Cargo Convoy Interrupts . | . . . . . . . . . . . . . Stealth | -11 -10 -10 -9 -8 -7 -7 -7 -6 -5 -4 -3 -3 --------- Run | Yrd Mat Min Mat Mat Fac Low Low Fac Fac Fac Res Tes Distress Signals 8 | . 1 . 1 2 . . . . 2 2 . . Communications Jammed . | . . . . . . . . . . . . . Distress Signals . | . . . . . . . . . . . . . Times Spotted 152 | . 4 . 13 23 1 23 3 10 32 21 12 10 Peak Tracking Total 11 | . 4 . 11 9 1 7 4 3 8 8 8 7 Tactical Retreats 25 | . . . 1 5 . 6 2 . 3 4 3 1 Traps | -11 -10 -10 -9 -8 -7 -7 -7 -6 -5 -4 -3 -3 ------- Run | Yrd Mat Min Mat Mat Fac Low Low Fac Fac Fac Res Tes Traps Triggered 3 | . 1 . 1 . . . . . . . 1 . Indirectly . | . . . . . . . . . . . . . Trap Hack Attempts . | . . . . . . . . . . . . . Triggered . | . . . . . . . . . . . . . Disarmed . | . . . . . . . . . . . . . Reprogrammed 2 | . . . . 2 . . . . . . . . Reused 1 | . . . . 1 . . . . . . . . Traps Extracted . | . . . . . . . . . . . . . Installed . | . . . . . . . . . . . . . Triggered 1 | . . . . 1 . . . . . . . . Machines | -11 -10 -10 -9 -8 -7 -7 -7 -6 -5 -4 -3 -3 ---------- Run | Yrd Mat Min Mat Mat Fac Low Low Fac Fac Fac Res Tes Machines Disabled 4 | . . . . . . . . 4 . . . . Max in Single Turn 1 | . . . . . . . . 1 . . . . Garrison Access 2 | . . . . 1 . . . . . 1 . . Machines Repaired . | . . . . . . . . . . . . . Machines Dismantled . | . . . . . . . . . . . . . Machines Sabotaged . | . . . . . . . . . . . . . Overloaded Fab Kills . | . . . . . . . . . . . . . Hacking | -11 -10 -10 -9 -8 -7 -7 -7 -6 -5 -4 -3 -3 --------- Run | Yrd Mat Min Mat Mat Fac Low Low Fac Fac Fac Res Tes Machines Accessed 20 | . 2 . 1 6 1 1 . 4 . 4 . 1 Terminals 13 | . 2 . . 5 1 . . 2 . 2 . 1 Fabricators 3 | . . . . . . . . 2 . 1 . . Repair Stations . | . . . . . . . . . . . . . Recycling Units . | . . . . . . . . . . . . . Scanalyzers 1 | . . . 1 . . . . . . . . . Garrison Access 2 | . . . . 1 . . . . . 1 . . Total Hacks 51 | . 4 . 3 21 2 1 . 8 . 10 . 2 Successful 28 | . 3 . 2 14 1 1 . 4 . 3 . . Failed 22 | . 1 . . 7 1 . . 4 . 7 . 2 Catastrophic 5 | . . . . 2 1 . . . . 2 . . Database Lockouts 1 | . . . 1 . . . . . . . . . Manual 30 | . 3 . . 15 2 . . 4 . 4 . 2 Terminals 37 | . 4 . . 20 2 . . 4 . 5 . 2 Fabricators 6 | . . . . . . . . 4 . 2 . . Repair Stations . | . . . . . . . . . . . . . Recycling Units . | . . . . . . . . . . . . . Scanalyzers 3 | . . . 3 . . . . . . . . . Garrison Access 4 | . . . . 1 . . . . . 3 . . Terminal Hacks 12 | . 1 . . 8 . 1 . 1 . 1 . . Prototype ID Bank 2 | . 1 . . 1 . . . . . . . . Open Door 1 | . . . . . . 1 . . . . . . Open DSF 1 | . . . . . . . . . . 1 . . Unreport Threat 5 | . . . . 4 . . . 1 . . . . Reprogram Traps 1 | . . . . 1 . . . . . . . . Registered Prototypes 1 | . . . . 1 . . . . . . . . Zone Layout 1 | . . . . 1 . . . . . . . . Fabricator Hacks 2 | . . . . . . . . 1 . 1 . . Build 2 | . . . . . . . . 1 . 1 . . Repair Station Hacks . | . . . . . . . . . . . . . Recycling Unit Hacks . | . . . . . . . . . . . . . Scanalyzer 2 | . . . 2 . . . . . . . . . Retrieve Study 2 | . . . 2 . . . . . . . . . Garrison Access Hacks 2 | . . . . 1 . . . . . 1 . . Seal Access 2 | . . . . 1 . . . . . 1 . . Unauthorized Hacks 10 | . 2 . . 5 1 . . 2 . . . . Terminals 10 | . 2 . . 5 1 . . 2 . . . . Botnet 10 | . 2 . . 5 1 . . 2 . . . . Fabricators . | . . . . . . . . . . . . . Repair Stations . | . . . . . . . . . . . . . Recycling Units . | . . . . . . . . . . . . . Scanalyzers . | . . . . . . . . . . . . . Garrison Access . | . . . . . . . . . . . . . Data Cores Recovered 1 | . . . . . . . . 1 . . . . Used . | . . . . . . . . . . . . . Hacking Detections 16 | . 2 . . 5 1 . . 4 . 3 . 1 Full Trace Events 3 | . . . . 1 . . . 1 . 1 . . Feedback Events . | . . . . . . . . . . . . . Feedback Blocked . | . . . . . . . . . . . . . Robot Schematics Acquired . | . . . . . . . . . . . . . Robots Built 3 | . . . . . . . . 1 . 2 . . Authchips . | . . . . . . . . . . . . . Time 139 | . . . . . . . . 58 . 81 . . Total Robot Build Rating 5 | . . . . . . . . 3 . 2 . . Part Schematics Acquired . | . . . . . . . . . . . . . Parts Built . | . . . . . . . . . . . . . Authchips . | . . . . . . . . . . . . . Time . | . . . . . . . . . . . . . Total Part Build Rating . | . . . . . . . . . . . . . Part Studies Acquired 2 | . . . 2 . . . . . . . . . Parts Repaired . | . . . . . . . . . . . . . Time . | . . . . . . . . . . . . . Parts Recycled . | . . . . . . . . . . . . . Recycled Matter . | . . . . . . . . . . . . . Retrieved Matter . | . . . . . . . . . . . . . Retrieved Components . | . . . . . . . . . . . . . Parts Scanalyzed . | . . . . . . . . . . . . . Part Schematics Acquired . | . . . . . . . . . . . . . Parts Damaged . | . . . . . . . . . . . . . Bothacking | -11 -10 -10 -9 -8 -7 -7 -7 -6 -5 -4 -3 -3 ------------ Run | Yrd Mat Min Mat Mat Fac Low Low Fac Fac Fac Res Tes Used RIF Installer . | . . . . . . . . . . . . . Robots Hacked . | . . . . . . . . . . . . . Non-combat . | . . . . . . . . . . . . . Combat . | . . . . . . . . . . . . . Robot Hacks Applied . | . . . . . . . . . . . . . Relay Couplers Released . | . . . . . . . . . . . . . Fabnet Peak Effective % . | . . . . . . . . . . . . . Robots Rewired . | . . . . . . . . . . . . . Allies Hacked . | . . . . . . . . . . . . . Hacks Repelled . | . . . . . . . . . . . . . Allies | -11 -10 -10 -9 -8 -7 -7 -7 -6 -5 -4 -3 -3 -------- Run | Yrd Mat Min Mat Mat Fac Low Low Fac Fac Fac Res Tes Total Allies 4 | . . . . . . . 1 1 . 2 . . Largest Group 2 | . . . . . . . 1 2 1 2 . . Highest-Rated Group 180 | . . . . . . . 146 180 146 20 . . Highest-Rated Ally 146 | . . . . . . . 146 146 146 10 . . Total Orders . | . . . . . . . . . . . . . Ally Attacks 56 | . . . . . . . . 11 45 . . . Total Damage 3047 | . . . . . . . . 717 2330 . . . Kills 31 | . . . . . . . . 6 25 . . . Allies Corrupted . | . . . . . . . . . . . . . Allies Melted . | . . . . . . . . . . . . . Intel | -11 -10 -10 -9 -8 -7 -7 -7 -6 -5 -4 -3 -3 ------- Run | Yrd Mat Min Mat Mat Fac Low Low Fac Fac Fac Res Tes Active Infowar (turns) 1879 | . . . . 329 23 . . 197 303 464 270 293 Optics 1141 | . . . . . . . . . 114 464 270 293 Sensors 352 | . . . . 329 23 . . . . . . . Terrain 363 | . . . . . . . . 197 166 . . . Traps 134 | . . . . . . . . . 134 . . . Jamming 59 | . . . . . . . . . . 59 . . Robot Analysis Total . | . . . . . . . . . . . . . Derelict Logs Recovered 2 | . . . . . . 1 1 . . . . . Drone Launches . | . . . . . . . . . . . . . Drone Recoveries . | . . . . . . . . . . . . . Exploration | -11 -10 -10 -9 -8 -7 -7 -7 -6 -5 -4 -3 -3 ------------- Run | Yrd Mat Min Mat Mat Fac Low Low Fac Fac Fac Res Tes Turns Passed 4438 | 50 70 38 155 691 210 1062 407 308 420 464 270 293 Spaces Moved 3923 | 44 76 43 130 574 200 651 338 338 565 588 258 118 Core 361 | 3 . . . . . 48 . . . 135 83 92 Treads 28 | . . . . . . . . . . . 2 26 Legs 724 | . . . . . . 248 338 22 . 44 72 . Wheels 746 | 41 76 43 130 247 . . . . . 209 . . Hover 1445 | . . . . 327 200 355 . 316 247 . . . Flight 619 | . . . . . . . . . 318 200 101 . Fastest Speed 23 | 50 90 90 90 42 42 102 120 56 28 23 42 50 Average Speed 96 | 87 90 90 98 94 101 136 120 73 58 69 100 198 Slowest Speed 400 | 90 90 90 130 135 102 330 120 120 200 140 150 400 Overloaded Moves . | . . . . . . . . . . . . . Propulsion Burnouts . | . . . . . . . . . . . . . Robots Hopped . | . . . . . . . . . . . . . Potential Cave-ins . | . . . . . . . . . . . . . Cave-ins Triggered . | . . . . . . . . . . . . . Exploration Rate (%) 23 | 3 21 14 16 53 7 78 50 7 11 13 8 19 Regions Visited 12 Branch Regions 4 Pre-discovered Areas 1 | . . . . . . 1 . . . . . . Known Exits Taken 5 | . . . . 1 . 1 1 1 1 . . . Unknown Exits Taken 7 | 1 1 1 1 . 1 . . . . 1 1 . Scrap Searched 5 | . . . . . . 4 1 . . . . . Spaces Dug . | . . . . . . . . . . . . . Terrain Destroyed 11 | . . . . . . 10 . . . . . 1 Melee . | . . . . . . . . . . . . . Projectile 2 | . . . . . . 2 . . . . . . AOE 8 | . . . . . . 8 . . . . . . Terrain Rammed . | . . . . . . . . . . . . . Walls Destroyed . | . . . . . . . . . . . . . Machines Disabled . | . . . . . . . . . . . . . Actions | -11 -10 -10 -9 -8 -7 -7 -7 -6 -5 -4 -3 -3 --------- Run | Yrd Mat Min Mat Mat Fac Low Low Fac Fac Fac Res Tes Total 4340 | 55 77 42 144 673 206 746 339 389 635 620 265 149 Wait 37 | . . . . 7 . 2 . 25 2 1 . . Move 3911 | 43 75 42 129 573 199 650 337 337 564 587 257 118 Hop . | . . . . . . . . . . . . . Pick Up 86 | 6 1 . 2 28 1 15 1 8 20 4 . . Fast Attach 37 | . . . . 3 . . . . 2 17 7 8 Attach 69 | 6 1 . 1 13 2 21 1 5 19 . . . Detach 1 | . . . . . . 1 . . . . . . Swap 8 | . . . 1 1 1 3 . 1 1 . . . Drop 30 | . . . 1 10 2 3 . 3 8 2 . 1 Fire 95 | . . . 7 8 . 43 . 10 6 . . 21 Melee 58 | . . . . 30 1 5 . . 13 9 . . Ram 4 | . . . 3 . . . . . . . 1 . Kick . | . . . . . . . . . . . . . Crush 1 | . . . . . . . . . . . . 1 Escape Stasis . | . . . . . . . . . . . . . Rewire 3 | . . . . . . 3 . . . . . . Trap . | . . . . . . . . . . . . . Miscellaneous . | . . . . . . . . . . . . . Route ------- -11/Scrapyard -10/Materials (discovered 2 exits: *Mat / [*Min]) -10/Mines -9/Materials -8/Materials -7/Factory -7/Lower Caves -7/Lower Caves (discovered 2 exits: *Fac x2) -6/Factory -5/Factory -4/Factory -3/Research -3/Testing History --------- Turn | Location | Event 13 | -11/Scrapyard | Discovered new exit (range 15) 51 | -11/Scrapyard | Entered Materials 100 | -10/Materials | Discovered new exit (range 13) 114 | -10/Materials | Discovered new exit (range 6) 121 | -10/Materials | Entered Mines 136 | -10/Mines | Met a Derelict bent on vengeance 140 | -10/Mines | Discovered new exit (range 14) 159 | -10/Mines | Entered Materials 159 | -9/Materials | Evolved 2 slots: Power x1, Propulsion x1 218 | -9/Materials | Central database locked down 276 | -9/Materials | Discovered new exit (range 16) 314 | -9/Materials | Entered another Materials area 314 | -8/Materials | Evolved 2 slots: Utility x2 319 | -8/Materials | Build established: Mutant 338 | -8/Materials | Lost 4 parts (1p2n1w) 1000 | -8/Materials | Discovered new exit (range 5) 1004 | -8/Materials | Identified exit to Factory 1005 | -8/Materials | Entered Factory 1005 | -7/Factory | Evolved 2 slots: Utility x2 1199 | -7/Factory | Discovered new exit (range 16) 1215 | -7/Factory | Entered Lower Caves 1311 | -7/Lower Caves | Encountered a Warlord checkpoint 1401 | -7/Lower Caves | Build established: Hacker-Mutant 1508 | -7/Lower Caves | Lost 3 parts (2n1u) 1595 | -7/Lower Caves | Destroyed 7 combat bots 1604 | -7/Lower Caves | Lost 6 parts (1p2n2u1w) 1860 | -7/Lower Caves | Attacked by a faux Warlord 2047 | -7/Lower Caves | Core integrity fell below 50% 2234 | -7/Lower Caves | Discovered new exit (range 13) 2252 | -7/Lower Caves | Identified exit to Lower Caves 2277 | -7/Lower Caves | Entered another Lower Caves area 2347 | -7/Lower Caves | Discovered new exit (range 10) 2563 | -7/Lower Caves | Ambushed by wild Derelicts 2671 | -7/Lower Caves | Learned location of 1 exit from Factory 2681 | -7/Lower Caves | NK-0LA showed up to help 2683 | -7/Lower Caves | NK-0LA revealed a hidden path 2683 | -7/Lower Caves | Identified exit to Factory 2684 | -7/Lower Caves | Entered Factory 2684 | -6/Factory | Accompanied by 1 ally (NK-0LA) 2684 | -6/Factory | Evolved 2 slots: Propulsion x2 2685 | -6/Factory | Identified exit to Factory 2753 | -6/Factory | Fabricated D-53 Grenadier (x1) 2992 | -6/Factory | Entered another Factory area 2992 | -5/Factory | Accompanied by 1 ally (NK-0LA) 2992 | -5/Factory | Evolved 2 slots: Utility x2 3339 | -5/Factory | Garrison activated, responded to threat 3407 | -5/Factory | Discovered new exit (range 8) 3411 | -5/Factory | Identified exit to Factory 3412 | -5/Factory | Entered another Factory area 3412 | -4/Factory | Evolved 2 slots: Power x1, Propulsion x1 3472 | -4/Factory | Lost 7 parts (4n3u) 3544 | -4/Factory | Fabricated T-07 Excavator? 3547 | -4/Factory | Lost 3 parts (1p1n1u) 3851 | -4/Factory | Discovered new exit (range 17) 3876 | -4/Factory | Entered Research 3876 | -3/Research | Evolved 2 slots: Power x1, Weapon x1 3906 | -3/Research | Lost 7 parts (2p3n1u1w) 3979 | -3/Research | Spotted B-86 Titan 4014 | -3/Research | Discovered new exit (range 12) 4130 | -3/Research | Core integrity fell below 50% 4146 | -3/Research | Entered Testing 4311 | -3/Testing | Core integrity fell below 20% 4439 | -3/Testing | Destroyed by Y-72 Warden with Railgun Last Messages --------------- 04420_ Penetrated by Slug. 04421_ HV Slug penetrates H-77 Assassin. 04424_ Imp. Terrain Scan Processor destroyed. 04424_ HV Slug penetrates H-77 Assassin. 04424_ H-77 Assassin suffers critical hit (Destroy). 04424_ Destroyed Coil Gun. 04424_ HV Slug penetrates Wall. 04426_ HV Slug penetrates H-77 Assassin. 04426_ H-77 Assassin suffers critical hit (Destroy). 04426_ H-77 Assassin destroyed. 04426_ HV Slug penetrates Wall. 04428_ Wall collapses. 04428_ Acquired Lgt. Antimatter Reactor. 04431_ Penetrated by Slug. 04431_ Slug penetrates Wall. 04431_ Acquired Hpw. Shotgun. 04434_ HV Slug penetrates Y-72 Warden. 04439_ Penetrated by Slug. Map ----- +----------------------------------------------------+ | ?????????????# # | | ?????????????# # | | ?????????????# ########+###### | | ?????????????# #????? ???# | | ?????????????# #???# ?# | | ????????????####"########## """"""" # | | ????????????# # """"""" # | | ?????######## """" """" # """"""" # | | ?????# + """" """" /?# # | | ?????#[###### """" """" ??# ! # | | ?????# #????# """" """" ??# # | | ?????" #????# ???########### | | ???? #????######/#####?????# | | ??# #?????? # #???????# | | ??# #?????? # #???##### | | ??#### #?????? + | | ?????# #?????? ? !! ##########"#+###### | | ?????# #?????? ?? ??# = | | ?????# #?????? ### #??# | | ?????# ########;## #### | | ?????# =Yh + | | ??????#########Y####### """ """ | | ??????????????#[#?????# "" "" """ """ | | ??????????????# #?????# ""T"" """ """ | | ??????????????# #?????# """ | | ??????????????#@#?????#########""" """## | | ??????????????# #?????????????#"""G"""#? | | ??????????????# #?????????????########?? | | ??????????????# #??????????????????????? | | ?????????????? #??????????????????????? | | ??????????????###??????????????????????? | | ???????????????????????????????????????? | | ???????????????????????????????????????? | | ???????????????????????????????????????? | | ???????????????????????????????????????? | | ???????????????????????????????????????? | | ???????????????????????????????????????? | | ???????????????????????????????????????? | | ???????????????????????????????????????? | | ???????????????????????????????????????? | | ???????????????????????????????????????? | | ???????????????????????????????????????? | | ???????????????????????????????????????? | | ???????????????????????????????????????? | | ???????????????????????????????????????? | | ???????????????????????????????????????? | | ???????????????????????????????????????? | | ???????????????????????????????????????? | | ???????????????????????????????????????? | | ???????????????????????????????????????? | +----------------------------------------------------+ Best States ------------- Heat Dissipation 46 Energy Generation 29 Energy Capacity 365 Matter Stores 300 Matter Capacity 300 Sight Range 18 Robot Scan Range 15 Terrain Scan Range 20 Terrain Scan Density 110 Jamming Range 16 Armor Coverage 225 Resistance: KI 45 Resistance: TH 20 Resistance: EX 45 Resistance: EM 20 Resistance: I 20 Resistance: S 20 Resistance: P 20 Core Shielding 30 Weapon Shielding 66 Evasion (%) 70 Targeting Accuracy 5 Armor Integrity Analysis 30 Recoil Reduction 4 Kinecelleration 40 Offensive Hacking 40 Defensive Hacking 10 Item Schematics ----------------- None Robot Schematics ------------------ None Fabricated ------------ D-53 Grenadier | x1 | -6/Factory | Preloaded T-07 Excavator | x2 | -4/Factory | Preloaded Repaired ---------- Nothing Studied --------- Wheel | -9/Materials | Hacked Ion Engine | -9/Materials | Hacked Alien Tech Used ----------------- None Achievements -------------- Can't Catch Me Heavy Suspicion I Laugh At Your Crits Item+ Overwhelming Challenges ------------ None Game ------ Seed EfficiencyGrenadeFlail Manual? 0 Play Time 01:22:00 Cumulative 46.7 hours Start 2025.10.24 @ 15:35:53 End 2025.10.24 @ 20:49:18 Sessions 3 Manual Loads 0 Difficulty Adventurer Special Mode None Game No. 48 Rogue 0 Adventurer 48 Explorer 0 Win Type - Total 0 Types 0/0/0/0/0/0/0/0/0/0 Lore% 17 Gallery% 33 Achievement% 19 Wizard Run 0 Options --------- Layout 1 ASCII 0 Keyboard 0 Movement Mouse Keybinds 0 Fullscreen 1 Font 16/SmallcapsGlow Map View 50x40 Zoom Use 0% Tactical HUD 1 Map Filters NONE Filters NONE Steam SD RUN: f3ad9260-79fa-4ecd-8ccc-240570f0975b